 Dungeon Crawl Stone Soup version 0.28-a0-1382-g92835e5c71 (webtiles) character file.

Game seed: 3579311167817587340

2536 Deminshera the Covert (level 9, -3/60 HPs)
             Began as a Kobold Brigand on Jan 1, 2022.
             Slain by Menkaure (20 damage)
             ... on level 6 of the Dungeon.
             The game lasted 00:09:41 (8191 turns).

Deminshera the Covert (Kobold Brigand)              Turns: 8191, Time: 00:09:41

Health: -3/60      AC: 11    Str: 12    XL:     9   Next: 85%
Magic:  9/9        EV: 15    Int: 13    God:
Gold:   286        SH:  0    Dex: 16    Spells: 8/8 levels left

rFire   . . .      SeeInvis .   a - +2 dagger (venom)
rCold   . . .      Faith    .   (no shield)
rNeg    . . .      Spirit   .   i - +0 steam dragon scales
rPois   +          Reflect  .   x - +2 helmet
rElec   .          Harm     .   n - +2 cloak {Stlth+}
rCorr   .          Rampage  .   (no gloves)
Will    .....                   (no boots)
Stlth   ++++++++..              (no amulet)
HPRegen 0.20/turn               p - ring of poison resistance
MPRegen 0.11/turn               (no ring)

@: no status effects
A: small, no large weapons, nightstalker 3
a: no special abilities


You were on level 6 of the Dungeon.
You visited 1 branch of the dungeon, and saw 6 of its levels.

You collected 286 gold pieces.

Inventory:

Hand Weapons
 a - a +2 dagger of venom (weapon)
Missiles
 b - 4 datura-tipped darts (quivered)
 d - 50 poisoned darts
 e - 2 curare-tipped darts
 l - a throwing net
Armour
 i - +0 steam dragon scales (worn)
 n - a +2 cloak of stealth (worn)
 x - a +2 helmet (worn)
Jewellery
 p - a ring of poison resistance (left hand)
 y - a ring of wizardry
Wands
 t - a wand of polymorph (9)
 u - a wand of charming (7)
Scrolls
 c - 2 scrolls of immolation {unknown}
 g - a scroll of blinking {unknown}
 h - a scroll of vulnerability {unknown}
 j - a scroll of teleportation
 r - a scroll of fear {unknown}
Potions
 f - 3 potions of curing
 k - a potion of flight
 m - a potion of resistance {unknown}
 q - a potion of might
 z - a potion of brilliance
 A - a potion of mutation {unknown}


   Skills:
 + Level 8.7 Fighting
 - Level 5.0 Short Blades
 - Level 3.0 Throwing
 - Level 3.0 Dodging
 + Level 13.6 Stealth


You had 8 spell levels left.
You didn't know any spells.
Your spell library contained the following spells:

 Spells                   Type           Power      Damage    Failure   Level
 Static Discharge         Conj/Air       0%         N/A       43%         2
 Lightning Bolt           Conj/Air       0%         1d11      100%        5
 Maxwell's Capacitive Co  Air            0%         ∞         100%        8


Dungeon Overview and Level Annotations

Branches:
Dungeon (6/15)
 Temple: D:4-7

Altars:
Kikubaaqudgha
Qazlal
Trog
The Shining One

Annotations:
D:6 Menkaure


Innate Abilities, Weirdness & Mutations

You are small and have problems with some larger weapons.
You are completely attuned to the shadows.


Message History

You hit Menkaure.
Menkaure is lightly damaged.
Menkaure hits you!
You hit Menkaure.
Menkaure is heavily damaged.
Menkaure casts a spell at you. Pain shoots through your body!
You hit Menkaure but do no damage.
Menkaure is heavily damaged.
You hit Menkaure.
Menkaure is heavily damaged.
Menkaure gestures wildly while chanting.
Menkaure seems to speed up.
You hit Menkaure but do no damage.
Menkaure is heavily damaged.
Menkaure misses you.
You barely miss Menkaure.
Menkaure is heavily damaged.
Menkaure completely misses you.
You hit Menkaure but do no damage.
Menkaure is heavily damaged.
Menkaure barely misses you.
You hit Menkaure but do no damage.
Menkaure is heavily damaged.
You hit Menkaure.
Menkaure is severely damaged.
Menkaure casts a spell at you. Pain shoots through your body!
You are too injured to fight recklessly!
You are too injured to fight recklessly!
You hit Menkaure.
Menkaure is severely damaged.
Menkaure hits you.
You hit Menkaure but do no damage.
Menkaure is severely damaged.
Menkaure hits you!
* * * LOW HITPOINT WARNING * * *
Okay, then.
You feel better. Menkaure hits you!!
You die...

#.... #<##. ..#'#
#.... .# #.#.#
####. ..####.#.#
#. ##.......#.##
#. ........#...##
#. ...##.#.....#
###.##.##...#####
...M@..###......#
###.######..###..
#. .......# ##
#####..###.
#......
##########
#.#####
#.<...)..# #.#
#.######)# ###.#
#.#
####)####...##


You could see Menkaure (fast).

Vanquished Creatures
  Maggie (D:6)
  Grinder (D:3)
  Prince Ribbit (D:5)
  Edmund (D:4)
  Duvessa (D:6)
  2 sky beasts (D:6)
  2 ice beasts
  2 black bears
  2 ogres (D:5)
  A centaur (D:5)
  A phantom (D:4)
  A water moccasin zombie (D:5)
  Dowan (D:6)
  A howler monkey (D:5)
  A centaur zombie (D:6)
  2 bullfrog skeletons (D:5)
  A gnoll shaman (D:5)
  Crazy Yiuf (D:2)
  Jessica (D:2)
  Ijyb (D:3)
  2 iguanas
  2 orc wizards (D:6)
  Terence (D:3)
  2 killer bee zombies
  A hound skeleton (D:4)
  12 gnolls
  7 adders
  2 dart slugs (D:1)
  3 orcs
  4 ball pythons
  5 endoplasms
  7 giant cockroaches
  8 goblins
  8 hobgoblins
  3 jackals (D:1)
  15 kobolds
  3 quokkas
  9 bats
  4 frilled lizards
  5 rats
128 creatures vanquished.

Vanquished Creatures (others)
  20 plants
20 creatures vanquished.

Grand Total: 148 creatures vanquished

Notes
Turn   | Place    | Note
-------+----------+-------------------------------------------
     0 | D:1      | Deminshera the Kobold Brigand began the quest for the Orb.
     0 | D:1      | Reached XP level 1. HP: 12/12 MP: 1/1
   225 | D:1      | Reached XP level 2. HP: 18/18 MP: 2/2
   705 | D:1      | Reached XP level 3. HP: 22/22 MP: 3/3
  1213 | D:1      | Found a faded altar of an unknown god.
  1911 | D:2      | Found a runed translucent door.
  1914 | D:2      | Noticed Crazy Yiuf
  1919 | D:2      | Killed Crazy Yiuf
  1920 | D:2      | Reached XP level 4. HP: 27/27 MP: 4/4
  2322 | D:2      | Reached skill level 6 in Stealth
  2322 | D:2      | Reached XP level 5. HP: 32/32 MP: 5/5
  2404 | D:2      | You fall into a shaft and drop 2 floors!
  2407 | D:3      | Noticed Grinder
  2415 | D:3      | Paralysed by Grinder for 2 turns
  2419 | D:3      | Killed Grinder
  2420 | D:3      | Reached skill level 7 in Stealth
  2420 | D:3      | Reached XP level 6. HP: 3/38 MP: 6/6
  2900 | D:2      | Noticed Jessica
  2904 | D:2      | Killed Jessica
  2905 | D:2      | Reached skill level 5 in Short Blades
  3240 | D:3      | Reached XP level 7. HP: 43/43 MP: 7/7
  3334 | D:3      | Noticed Terence
  3338 | D:3      | Killed Terence
  3417 | D:3      | Noticed Ijyb
  3421 | D:3      | Killed Ijyb
  3744 | D:3      | Reached skill level 5 in Fighting
  3744 | D:3      | Reached skill level 8 in Stealth
  3979 | D:4      | Found a glowing golden altar of the Shining One.
  4176 | D:4      | Noticed Edmund
  4180 | D:4      | Killed Edmund
  4194 | D:4      | Reached XP level 8. HP: 52/52 MP: 8/8
  4458 | D:4      | Found a bloodstained altar of Trog.
  4601 | D:5      | Entered Level 5 of the Dungeon
  5179 | D:5      | Reached skill level 9 in Stealth
  5197 | D:5      | Noticed Prince Ribbit
  5199 | D:5      | Killed Prince Ribbit
  5268 | D:5      | Found an ancient bone altar of Kikubaaqudgha.
  5425 | D:5      | Reached skill level 10 in Stealth
  5718 | D:5      | Reached XP level 9. HP: 46/59 MP: 9/9
  5808 | D:5      | Reached skill level 11 in Stealth
  6427 | D:6      | Found a stormy altar of Qazlal.
  6487 | D:6      | Reached skill level 12 in Stealth
  6896 | D:6      | Noticed Dowan
  6934 | D:6      | Killed Dowan
  7101 | D:6      | Reached skill level 13 in Stealth
  7105 | D:6      | Noticed Maggie
  7131 | D:6      | Killed Maggie
  7134 | D:6      | Noticed Duvessa
  7199 | D:6      | Killed Duvessa
  8176 | D:6      | Noticed Menkaure
  8191 | D:6      | Slain by Menkaure

Illustrated notes

Levels and vault maps discovered:
D:1:      dpeg_arrival_pits, layout_loops_corners,
          ebering_ecumenical_altar_petrified, hangedman_decor_clover_reticule,
          minmay_pentomino_v4
D:2:      layout_rooms, minivault_11, guppyfry_early_lair_pool,
          uniq_crazy_yiuf_cottage, uniq_jessica
D:3:      layout_basic, uniq_grinder, uniq_ijyb, uniq_terence
D:4:      layout_loops_ring, mainiacjoe_overflow_concentric_impassable,
          trog_book, portal_sewer_entry_a, uniq_edmund
D:5:      layout_loops_ring, lemuel_doored_altar, serial_bayou,
          serial_bayou_lagoon_b, serial_bayou_pond_d, serial_bayou_crossing,
          serial_bayou_pond_e, uniq_prince_ribbit1
D:6:      layout_loops_corners, lemuel_coloured_pillars_altar,
          minmay_misc_feat_square, grunt_decor_one_mirror, uniq_maggie,
          uniq_menkaure, uniq_duvessa

Skill      XL: |  1  2  3  4  5  6  7  8  9 |
---------------+----------------------------+-----
Short Blades   | 3 4 5 |  5.0
Dodging        | 2 3 |  3.0
Fighting       | 3 4 6 8 |  8.7
Throwing       | 3 |  3.0
Stealth        | 6 7 8 10 13 | 13.6

Action                   |  1- 3 |  4- 6 |  7- 9 || total
-------------------------+-------+-------+-------++-------
Melee: Dagger            |   100 |    67 |   245 ||   412
Throw: Dart              |     6 |       |     4 ||    10
Evoke: Wand              |       |       |     2 ||     2
  Use: Scroll            |       |     3 |     5 ||     8
       Potion            |       |       |     5 ||     5
 Stab: Sleeping          |    19 |    13 |    35 ||    67
       Distracted        |       |       |     2 ||     2
       Paralysed         |       |       |     1 ||     1
Armor: Robe              |    17 |       |       ||    17
       Leather armour    |       |    12 |    33 ||    45
       Steam dragon scal |       |       |     4 ||     4
Dodge: Dodged            |    46 |    33 |   123 ||   202

Table legend: (Time is in decaauts)
 A = Elapsed time spent in this place.
 B = Non-inter-level travel time spent in this place.
 C = Inter-level travel time spent in this place.
 D = Time resting spent in this place.
 E = Time spent auto-exploring this place.
 F = Levels seen in this place.
 G = Mean time per level.
                   A        B        C        D        E       F      G
               +--------+--------+--------+--------+--------+-----+--------+
         Total |   8119 |   7834 |    285 |   2725 |   3978 |   6 | 1353.2 |
       Dungeon |   8119 |   7834 |    285 |   2725 |   3978 |   6 | 1353.2 |
               +--------+--------+--------+--------+--------+-----+--------+

Top non-repeatable levels by time:
     D:5: 1785 daAuts
     D:6: 1766 daAuts
     D:1: 1575 daAuts
     D:3: 1151 daAuts
     D:2: 1050 daAuts
     D:4: 789 daAuts
